[Event "GCT Superbet Rapid Poland 2025"]
[Site "Warsaw"]
[Date "2025.04.26"]
[Round "1.1"]
[White "Fedoseev, Vladimir"]
[Black "Firouzja, Alireza"]
[Result "1/2-1/2"]
[ECO "E06"]
[WhiteElo "2739"]
[BlackElo "2757"]
[Annotator "TA"]
[PlyCount "158"]
[EventDate "2025.??.??"]
[EventType "rapid"]
[TimeControl "1500+10"]

1. d4 Nf6 2. c4 e6 3. Nf3 d5 4. g3 Be7 5. Bg2 O-O 6. Nc3 Nbd7 7. Qd3 b6 {[%emt 0:00:11] E06: Closed Catalan: Early deviations.} 8. cxd5 Nxd5 9. O-O Bb7 10. Rd1 c5 {[%emt 0:01:10] 10...c5 is the modern continuation.} 11. Nxd5 exd5 12. dxc5 bxc5 13. Bf4 Qb6 $146 (13... Re8 14. b3 a5 15. Rac1 a4 16. Ne1 Nf6 17. Bg5 axb3 18. Qxb3 Rb8 19. Bxf6 Bxf6 20. Bxd5 Bxd5 21. Qxd5 Qxd5 22. Rxd5 Rxe2 23. Rdxc5 {0-1 Firouzja,A (2702)-Aronian,L (2758) chess.com Speed blitz 2019 (1.10)}) ({RR} 13... Re8 14. b3 a5 15. Rac1 a4 16. Ne1 Nf6 17. Bg5 axb3 18. Qxb3 Rb8 19. Bxf6 Bxf6 20. Bxd5 Bxd5 21. Qxd5 Qxd5 22. Rxd5 Rxe2 23. Rdxc5 g6 24. R5c2 Re7 25. Nf3 Kg7 26. Kg2 Ra8 27. Re1 Rd7 28. Ree2 {Firouzja,A (2702)-Aronian,L (2758) Chess.com INT 2019 0-1 (53)}) 14. Qb3 Nf6 15. Ne5 Rfe8 16. Bf3 Bf8 {[%emt 0:02:01] [#]} 17. Nc4 $1 Qa6 18. Ne3 c4 {[%emt 0:04:04] [#]} (18... Rad8 $11) 19. Nxc4 $1 $16 {[%emt 0:01:35][%csl Oa7,Od5][%mdl 512] Black has weak pawns} Bc6 20. Ne3 Ba4 (20... Rad8 $142) 21. Qd3 $1 Bb5 22. Qd2 Rad8 23. a4 $1 (23. Bxd5 Bc5 24. a4 Bxe2 $17) (23. Nxd5 $6 Nxd5 24. Bxd5 Bxe2 $14 (24... Rxe2 $2 25. Bxf7+ Kxf7 26. Qxd8 $18) (24... Bc6 $2 25. e4 $18)) 23... Bc4 24. Nxc4 Qxc4 25. Qd3 Qb4 26. Qb5 h6 27. Qxb4 (27. Bxd5 $2 Qxb5 28. Bxf7+ Kxf7 $19) 27... Bxb4 28. a5 Rc8 29. Rd3 (29. Bxd5 Nxd5 30. Rxd5 Rxe2 $11) 29... g5 30. Be3 {[%emt 0:00:22] A strong pair of Bishops.} Bc5 31. Bd4 (31. Bxd5 $6 Bxe3 32. fxe3 Nxd5 33. Rxd5 Rxe3 $14) 31... Bxd4 32. Rxd4 Rc2 33. b4 (33. Bxd5 $6 Rexe2 34. Rf1 Rxb2 $11) 33... Rb8 34. Rb1 Ra2 (34... Rc5 $16) 35. Rc1 $18 Rb2 36. Bxd5 R2xb4 37. Rxb4 Rxb4 {[%emt 0:00:01][%mdl 4096] Endgame KRB-KRN. White is a pawn up.} 38. Rc8+ Kg7 39. Bc4 Rb1+ 40. Kg2 Rc1 41. Kf3 {[%emt 0:00:11] Prevents Ne4} Rc3+ 42. e3 g4+ (42... h5 $16 43. Rc7 g4+ 44. Ke2 Ne4) 43. Kf4 Rc2 44. Ke5 Nd7+ 45. Kd4 $1 (45. Kd6 $6 Rd2+ 46. Kc7 Ne5 $14) 45... Rd2+ 46. Kc3 Rxf2 47. Rc7 Ne5 48. Bd5 (48. Rxa7 Nxc4 49. Kxc4 Rxh2 $11) 48... a6 49. Re7 (49. Ra7 $142) 49... Rf5 $16 50. e4 {[%emt 0:00:21] White has more active pieces.} Rg5 (50... Rh5 $16 51. Kb4 Kf8) 51. Ra7 Rg6 52. Bb7 $1 Rd6 {[%emt 0:00:10] ...Rd7 would now be deadly.} 53. Rxa6 (53. Bxa6 Nc6 54. e5 Rg6 $15) 53... Rd3+ 54. Kb4 Rd2 55. Bd5 Rxh2 56. Rd6 $1 Rh1 57. a6 Ra1 58. Bb3 $2 (58. Bb7 $18) 58... h5 $11 59. Ba4 Rb1+ 60. Kc5 Rb8 $2 (60... Rc1+ $11 {and Black has nothing to worry.} 61. Kb4 h4) 61. Rd5 $18 Kf6 (61... f6 {might work better.} 62. Bb5 h4) 62. Bc6 $2 (62. Rd6+ Kg7 63. Rd5 f6 $18) (62. a7 $18 Rg8 63. Bb5) 62... Rc8 $14 63. Rd6+ Ke7 $2 (63... Kg5 $16 {stays breathing.}) 64. a7 $18 h4 65. a8=Q ({Not} 65. a8=B hxg3 66. Rd2 Rh8 $11) 65... Rxa8 66. Bxa8 hxg3 {[%emt 0:00:04] [#]} 67. Rd2 $1 Kf6 68. Rg2 Kg5 69. Rxg3 Kf4 70. Rg1 g3 {[%emt 0:00:06] [#]} 71. Bd5 $2 (71. Kd6 $1 $18 {White threatens Rf1+ and mate.} f6 72. Ke7) 71... Nf3 $11 {[%emt 0:00:18] The position is equal.} 72. Rg2 (72. Rxg3 Kxg3 73. Bxf7 Kf4 74. Kd5) 72... Nh4 $1 73. Rg1 (73. Rxg3 Kxg3 74. Bxf7 Nf3 75. Kd5) 73... Nf3 74. Rc1 {[%emt 0:00:19][%cal Oe4e5] Strongly threatening e5!.} (74. Rxg3 {simplifies} Kxg3 75. Bxf7 Kf4 76. Kd5) 74... g2 75. e5 g1=Q+ 76. Rxg1 Nxg1 77. Kd6 Nf3 78. Bxf3 Kxf3 79. e6 fxe6 {[%emt 0:00:01] White really could win this. Weighted Error Value: White=0.15 (very precise) /Black=0.27 (precise) Loses game: 	--- 	Black=3 Missed win: 	White=2 	--- Mistake: 	White=1 	Black=5 Inaccurate: 	White=3 	Black=1 OK: 	White=24 	Black=23 Best: 	White=7 	Black=9 Strong: 	White=5 	Black=1 Brilliant: 	White=1 	---} 1/2-1/2

[Event "GCT Superbet Rapid Poland 2025"]
[Site "Warsaw"]
[Date "2025.04.26"]
[Round "1.2"]
[White "Gavrilescu, David"]
[Black "Topalov, Veselin"]
[Result "1-0"]
[ECO "C45"]
[WhiteElo "2554"]
[BlackElo "2717"]
[Annotator "TA"]
[PlyCount "137"]
[EventDate "2025.??.??"]
[EventType "rapid"]
[TimeControl "1500+10"]

1. e4 e5 2. Nf3 Nc6 3. d4 exd4 4. Nxd4 Bc5 5. Be3 Qf6 6. c3 Nge7 7. Bc4 Ne5 8. Be2 d6 9. O-O Qg6 10. Kh1 Ng4 {[%emt 0:02:08] C45: Scotch Game.} ({RR} 10... Qxe4 11. Nd2 Qg6 12. Nb5 O-O 13. Nxc7 Rb8 14. Bh5 Qf5 15. f4 Bxe3 16. fxe5 Qxe5 17. Nc4 Qc5 18. Nxe3 Qxe3 19. Re1 Qg5 20. Qxd6 Qxh5 21. Rxe7 Qg6 22. Qe5 b6 23. Nd5 Bb7 24. Nf4 Qc6 25. Re1 {Movsesian,S (2670)-Grischuk,A (2715) Kemer 2007 ½-½}) 11. Bf4 $5 {[%emt 0:06:31][%mdl 4] Leaves trodden paths.} (11. Bd2 $14) ({RR} 11. Bxg4 Bxg4 12. f3 Bd7 13. Nd2 O-O 14. b4 Bb6 15. a4 c6 16. a5 Bc7 17. Bf4 f5 18. exf5 Nxf5 19. Nxf5 Bxf5 20. Bg3 Rae8 21. Re1 Bc2 22. Qc1 h6 23. Nc4 Bb3 24. Nd2 Bc2 25. Nc4 Bd3 {Goryachkina,A (2553)-Grochal,J (2255) chess.com INT 2024 ½-½}) 11... Qxe4 $146 (11... Qf6 12. Qd2 Ng6 13. Bg5 Nxf2+ 14. Rxf2 Qxf2 15. Bb5+ {1-0 Izso,D (2262)-Lengyel,B (2266) Budapest FS05 IM-A 2010 (2)}) ({RR} 11... O-O 12. Nd2 f5 13. f3 Ne5 14. N2b3 Bb6 15. exf5 Nxf5 16. Bxe5 Ne3 17. Qc1 Qxg2# {0-1 (17) Smieszniak,B-Tobolski,J (2006) Leba 2008}) ({RR} 11... O-O 12. b4 Bb6 13. f3 Ne5 14. Na3 a5 15. Nac2 axb4 16. cxb4 N7c6 17. Nxc6 Nxc6 18. a3 Be6 19. Be3 Bxe3 20. Nxe3 Qf6 21. Bc4 Bxc4 22. Nxc4 Qd4 23. Qxd4 Nxd4 24. Rfd1 Nc6 25. Ne3 Ne7 26. Kg1 {Munoz,C (2034)-Castro,A (1960) San Salvador 2008 ½-½ (45)}) ({RR} 11... Qf6 12. Qd2 Ng6 13. Bg5 Nxf2+ 14. Rxf2 Qxf2 15. Bb5+ {1-0 (15) Izso,D (2262)-Lengyel,B (2266) Budapest 2010}) 12. Bg3 {[%emt 0:04:29] White sacrificed a pawn. A sharp opening} Qg6 {[%emt 0:00:37] The position is equal.} 13. Nb5 Bb6 {[%emt 0:00:53] Threatening ...h5.} 14. Bxd6 $1 cxd6 15. Nxd6+ Kf8 16. Nxc8 Nxf2+ $2 {[%emt 0:00:15] [#]} (16... h5 $1 $11 17. Nxb6 Qxb6) 17. Rxf2 $1 $18 Rxc8 18. Bh5 $40 {[%emt 0:01:45][%mdl 128] White attacks with force.} Bxf2 19. Bxg6 hxg6 20. Qf3 {[%emt 0:01:45][%csl Bb7,Bf2] Against Nf5} Bb6 21. Nd2 Nf5 (21... Rd8 $142) 22. g4 (22. Qxb7 $2 Ng3#) 22... Bc7 $2 (22... Nd6 23. Qd5 Bc7) 23. Nf1 (23. gxf5 $142 Rxh2+ 24. Kg1 Rxd2 25. fxg6 Bb6+ 26. Kh1) 23... Nd6 24. Re1 g5 25. Kg2 Rh6 26. Ng3 Rd8 27. Re2 Rf6 {[%emt 0:01:45] [#]} 28. Qe3 Re8 {[%emt 0:01:14] Prevents Qe7+.} 29. Qxa7 (29. Qxg5 $2 Rxe2+ 30. Nxe2 Rf2+ 31. Kh1 Rxe2 $19) 29... Rxe2+ 30. Nxe2 g6 31. Qd4 Bd8 32. c4 {[%emt 0:00:12] Black must now prevent c5.} Re6 33. Qh8+ Ke7 34. Nc3 Nxc4 35. Nd5+ Kd7 36. Qd4 Nd6 37. Nb6+ (37. Qa4+ $18 {has better winning chances.} Kc8 38. Nc3) 37... Ke8 $2 {[%emt 0:00:47] This move loses the game for Black.} (37... Bxb6 $16 38. Qxb6 Re4) 38. Nc4 Nxc4 39. Qxc4 {[%emt 0:00:01][%mdl 4096] Endgame KQ-KRB} b6 (39... Kd7 {was worth a try.} 40. Qb5+ Kc8) 40. a4 Re5 41. b4 Ke7 42. h3 Ke8 43. Qc6+ Ke7 44. Kf3 Re6 45. Qb7+ Ke8 {[%emt 0:00:05] [#]} (45... Kf8 $142 46. Qb8 Re8 47. Qd6+ Kg7 48. Qd4+ Kg8) 46. a5 $1 bxa5 47. bxa5 Bxa5 48. Qb5+ Kf8 49. Qxa5 {[%emt 0:00:01] KQ-KR} f6 50. Qd8+ Kf7 51. Qh8 Ra6 52. Qh7+ Ke6 53. Qxg6 Ra3+ 54. Kg2 Ra2+ 55. Kf1 Ra1+ 56. Ke2 Ra2+ 57. Kd1 Ra1+ 58. Kc2 Ra2+ 59. Kd3 Ra3+ 60. Kd4 {[%emt 0:00:17] White threatens Qe8+ and mate.} Ra4+ 61. Kc5 Ra5+ 62. Kc6 Ra6+ 63. Kc7 Ra7+ 64. Kb6 Rd7 65. Qe8+ Kd6 66. Qf8+ {[%emt 0:00:05] White mates.} Ke6 67. Kc6 Re7 68. Qg8+ Ke5 69. Qd5+ {[%emt 0:00:04] Weighted Error Value: White=0.22 (precise) /Black=0.77 Loses game: 	--- 	Black=2 Mistake: 	White=3 	Black=4 Inaccurate: 	White=1 	Black=3 OK: 	White=16 	Black=9 Best: 	White=2 	Black=6 Strong: 	White=1 	--- Brilliant: 	White=1 	---} (69. Qb8+ $142 Ke4 70. Qb4+ Kf3 71. Qxe7 Kg2 72. Qxf6 (72. Qe3 Kf1 73. Qd2 f5 74. gxf5 Kg1 75. f6 Kf1 76. f7 Kg1 77. f8=Q g4 78. Qff2+ Kh1 79. Qh2#) 72... Kxh3 73. Qf2 (73. Qxg5 Kg3 74. Qf5 Kh4 75. g5 Kh5 76. g6+ Kh6 77. Qf6 Kh5 78. g7 Kg4 79. g8=Q+ Kh5 80. Qfh8#) 73... Kxg4 74. Kd5) 1-0

[Event "GCT Superbet Rapid Poland 2025"]
[Site "Warsaw"]
[Date "2025.04.26"]
[Round "1.3"]
[White "Duda, Jan-Krzysztof"]
[Black "Aronian, Levon"]
[Result "1/2-1/2"]
[ECO "C84"]
[WhiteElo "2739"]
[BlackElo "2747"]
[Annotator "TA"]
[PlyCount "116"]
[EventDate "2025.??.??"]
[EventType "rapid"]
[TimeControl "1500+10"]

1. e4 e5 2. Nf3 Nc6 3. Bb5 a6 4. Ba4 Nf6 5. O-O Nxe4 6. d4 Be7 7. Re1 b5 8. Rxe4 {[%emt 0:00:05] [#] C84: Closed Ruy Lopez: Unusual White 6th moves.} (8. dxe5 Nxf2 9. Kxf2 bxa4 $15) 8... d5 9. Nxe5 Nxe5 10. Rxe5 {[%emt 0:00:02] White is slightly better.} bxa4 11. Qe2 Be6 12. f4 Kf8 13. Nc3 Bd6 14. Nxa4 Qf6 {[%emt 0:00:02] [#]} 15. Be3 $1 Bxe5 16. fxe5 Qg6 17. Nc5 {[%emt 0:01:42][%cal Oc5d3][%mdl 1024] White has compensation.} h5 {[%emt 0:00:05] Black is weak on the dark squares} 18. h4 (18. Nxa6 $2 {perishes.} Bg4 19. Qb5 Qxa6 $19) 18... Bg4 $146 (18... Kg8 19. Rf1 Kh7 20. c3 Bg4 21. Qf2 Rhf8 22. Bf4 Rae8 23. Re1 Re7 24. Qg3 Qc2 {½-½ Plyasunov,D (2300)-Khayrullin,D (2399) Moscow Aeroflot op-A 2025 (7)}) ({RR} 18... Kg8 19. Rf1 Kh7 20. Bg5 Rhf8 21. Rf4 Rab8 22. b3 Rb6 23. Rf2 Kg8 24. a4 Ra8 25. Kh2 a5 26. Qf3 Rb4 27. Qf4 Rb6 28. Kg1 Rbb8 29. Kh2 Rb6 30. Kg1 Rbb8 31. Qf3 Rb4 32. Qf4 Rbb8 {½-½ (32) Wieczorek,O (2505)-Hagner,B (2361) Vrnjacka Banja SRB 2023}) ({RR} 18... Kg8 19. Rf1 Kh7 20. c3 Bg4 21. Qf2 Rhf8 22. Bf4 Rae8 23. Re1 Re7 24. Qg3 Qc2 25. Nd3 a5 26. Rc1 Qa4 27. a3 Qd7 28. Nc5 Qf5 29. b4 Ra8 30. b5 a4 31. e6 Rb8 32. Bxc7 Rxb5 33. Bd6 {Plyasunov,D (2300)-Khayrullin,D (2399) Moscow RUS 2025 ½-½ (38)}) ({RR} 18... Kg8 19. Rf1 Kh7 20. Bg5 Rhf8 21. Rf4 Rab8 22. b3 Rb6 23. Rf2 Kg8 24. a4 Ra8 25. Kh2 a5 26. Qf3 Rb4 27. Qf4 Rb6 28. Kg1 Rbb8 29. Kh2 Rb6 30. Kg1 Rbb8 31. Qf3 Rb4 32. Qf4 Rbb8 {½-½ (32) Wieczorek,O (2505)-Hagner,B (2361) Vrnjacka Banja SRB 2023}) 19. Qf2 Kg8 20. Rf1 Rb8 21. b3 Rb6 (21... Ra8 $11) 22. Bg5 Rc6 23. Kh2 Be6 24. a4 Kh7 25. b4 Re8 26. a5 Kg8 27. c3 Bg4 {[%emt 0:00:43] Space Advantage White} 28. Qa2 $1 Rxc5 $1 29. bxc5 Qc6 ({Black should play} 29... Rb8 $14) 30. Qb3 $16 Bd7 31. Rf3 Qa8 32. Qc2 {[%emt 0:02:01] White is more active.} Qc6 33. Qa2 (33. Qc1 $16) 33... Rb8 $14 34. Rg3 Bg4 35. c4 dxc4 36. Qxc4 {[%emt 0:00:03] Black must now prevent d5.} Qb5 37. Qd5 (37. Qxb5 {simplifies} Rxb5 38. c6 Rd5 39. Rd3) 37... Qf1 38. Rb3 Rxb3 39. Qxb3 $11 {[%emt 0:00:02][%mdl 4096] Endgame KQB-KQB. White is a pawn up.} Qe2 40. e6 Bxe6 {[%emt 0:01:05] The position is equal.} (40... Qxe6 41. Qb8+ Qc8 42. Qb2 (42. Qxc8+ Bxc8 43. Kg3 c6 $15)) 41. Qb8+ Kh7 42. Qxc7 Bd5 43. Qg3 f6 44. Bf4 Qe4 45. Qf2 Qf5 46. Bg3 Qxf2 47. Bxf2 {[%emt 0:00:02][%cal Og2g4] KB-KB. White is a pawn up.} Kg6 48. Bg3 Kf5 49. Bd6 g5 50. hxg5 fxg5 51. Be7 h4 52. g3 Kg4 53. gxh4 gxh4 54. Bf6 h3 55. Be5 Bc6 56. Bd6 Bd5 57. Be5 Bc6 58. Bd6 Bd5 {Weighted Error Value: White=0.07 (flawless) /Black=0.06 (flawless)  Mistake:    	White=1   	Black=2   Inaccurate:   	White=5   	Black=3   OK:     	White=15  	Black=30   Best:    	---    	Black=2   Strong:    	White=1   	Black=1} 1/2-1/2

[Event "GCT Superbet Rapid Poland 2025"]
[Site "Warsaw"]
[Date "2025.04.26"]
[Round "1.4"]
[White "Vachier-Lagrave, Maxime"]
[Black "Praggnanandhaa R"]
[Result "0-1"]
[ECO "B30"]
[WhiteElo "2722"]
[BlackElo "2758"]
[Annotator "TA"]
[PlyCount "90"]
[EventDate "2025.??.??"]
[EventType "rapid"]
[TimeControl "1500+10"]

1. e4 c5 2. Nc3 Nc6 3. Bb5 Nd4 4. Nf3 e6 5. O-O a6 6. Bd3 Nc6 {[%emt 0:00:02] B30: Sicilian: 2...Nc6 3 Bb5, lines without ...g6.} 7. Nd5 g6 8. Ne3 Bg7 {[%emt 0:00:04] Black has an edge.} 9. c3 Nge7 10. Bc2 d5 11. exd5 exd5 12. d4 cxd4 13. cxd4 O-O 14. b3 $146 (14. Bb3 Qd6 15. h3 Bf5 16. Ng4 Be4 17. Nfe5 Nf5 18. f3 Ncxd4 19. fxe4 {½-½ Rapport,R (2776)-Shevchenko,K (2644) Warsaw Superbet Classic Blitz 2022 (7.3)}) ({RR} 14. Bb3 Be6 15. Qd3 Qb6 16. Rd1 Rac8 17. h3 Qb5 18. Qxb5 axb5 19. g4 Na5 20. Ng2 Nc4 21. Nf4 Nc6 22. Bc2 Ra8 23. Kg2 Rfd8 24. Ne2 Nb4 25. Bb1 Nc6 26. Bc2 Nb4 27. Bb1 Na5 28. Bd2 Bf8 {Degraeve,R (2419)-Laurent Paoli,P (2298) Albi 2022 ½-½ (48)}) ({RR} 14. Bb3 Be6 15. Qd3 Qb6 16. Rd1 Rac8 17. h3 Qb5 18. Qxb5 axb5 19. g4 Na5 20. Ng2 Nc4 21. Nf4 Nc6 22. Bc2 Ra8 23. Kg2 Rfd8 24. Ne2 Nb4 25. Bb1 Nc6 26. Bc2 Nb4 27. Bb1 Na5 28. Bd2 Bf8 {Degraeve,R (2419)-Laurent Paoli,P (2298) Albi 2022 ½-½ (48)}) 14... f5 15. h3 $1 f4 16. Ng4 Nf5 17. Bb2 (17. Bxf4 Nfxd4 18. Nxd4 Rxf4 19. Nxc6 bxc6 $15) 17... Nh4 18. Nge5 Bxe5 19. dxe5 {[%emt 0:00:08] And now Nxh4 would win.} (19. Nxe5 $2 Qg5 20. Ng4 h5 $19) 19... Be6 20. Rc1 Rf7 21. Re1 Qe7 22. Bd3 Rg7 (22... Nxf3+ $11 23. Qxf3 Kg7) 23. Be2 Nxf3+ 24. Bxf3 Rd8 25. Bd4 Qg5 26. Bb6 Rdd7 27. Bc5 d4 ({Black should try} 27... h5) 28. Bd6 $16 {[%emt 0:01:27] This pair of bishops is nice.} Bxh3 29. Rxc6 (29. Ba3 $1 $16) 29... bxc6 $14 30. Bxc6 {[%emt 0:00:01][%csl Od6] Strong Square White (d6)} (30. Qxd4 $2 Bxg2 (30... Be6 31. Bxc6 Rd8 32. b4 $11) 31. Qc4+ (31. Bxg2 $2 f3 $19) 31... Rgf7 32. Bxg2 f3 $19) 30... Rd8 31. Qd3 (31. Qxd4 $2 {too greedy.} Bxg2 (31... Be6 32. Bd5 $16) 32. Bxg2 f3 33. Qc4+ Rf7 $19) (31. Bd5+ $14 Kh8 32. Qd3 (32. Qxd4 $2 Bxg2 33. Rc1 Bxd5+ $19) 32... Rxd6 33. exd6 Qxd5 34. Qxh3 Qxd6 35. Qc8+ Rg8 36. Qb7) 31... Be6 $11 32. Qxa6 h5 33. Qd3 {[%emt 0:00:52] [#]} (33. Bf3 $11) 33... Rc8 $40 {[%emt 0:00:07][%mdl 128] Black attacks.} (33... h4 $1 $17 {White must now prevent ...h3.} 34. Qf3 Ra7) 34. Qe4 $2 {[%emt 0:01:25][%mdl 8192] [#] This costs White the game.} (34. Qa6 $11) 34... f3 $1 $19 {[%emt 0:01:06][%mdl 512] Black is clearly winning.} 35. Qxf3 Rf7 36. Bd5 (36. Qe4 $142 Rf4 37. Bd5 Rxe4 38. Bxe6+ Kg7 39. Rxe4 Rc1+ 40. Kh2) 36... Rxf3 37. Bxe6+ Kh7 {[%emt 0:00:26][%cal Of3f2] (  ...Rxf2!)} 38. Bxc8 Rc3 39. Ba6 Rc1 40. Rf1 Rxf1+ 41. Bxf1 Qc1 42. e6 {[%emt 0:00:17] [#]} Kg8 $1 43. e7 Kf7 44. g3 d3 45. Kg2 Qc6+ {[%emt 0:00:02] Weighted Error Value: White=0.71/Black=0.17 (very precise) Loses game: 	White=1 	--- Mistake: 	White=4 	Black=3 Inaccurate: 	White=2 	Black=3 OK: 	White=13 	Black=13 Best: 	White=1 	Black=3 Strong: 	White=1 	---} 0-1

[Event "GCT Superbet Rapid Poland 2025"]
[Site "Warsaw"]
[Date "2025.04.26"]
[Round "1.5"]
[White "Aravindh, Chithambaram VR."]
[Black "Deac, Bogdan-Daniel"]
[Result "1/2-1/2"]
[ECO "C42"]
[WhiteElo "2749"]
[BlackElo "2668"]
[Annotator "TA"]
[PlyCount "151"]
[EventDate "2025.??.??"]
[EventType "rapid"]
[TimeControl "1500+10"]

1. e4 e5 2. Nf3 Nf6 3. Nxe5 d6 4. Nf3 Nxe4 5. Bd3 Nf6 6. O-O Be7 7. h3 O-O 8. c3 {[%emt 0:00:26] C42: Petroff Defence: 3 Nxe5 and unusual White 3rd moves.} b6 9. Bc2 Bb7 10. d4 Re8 11. Bf4 Nbd7 12. Nbd2 Nf8 ({RR} 12... Bf8 13. Re1 Rxe1+ 14. Qxe1 Qe7 15. Qf1 Re8 16. c4 g6 17. d5 Bg7 18. Re1 Qf8 19. Be3 a5 20. Nd4 Ba6 21. Ba4 Re7 22. Bb5 Bxb5 23. Nxb5 Nc5 24. a3 Nfe4 25. b4 Na6 26. Nxe4 Rxe4 27. bxa5 {Pajeken,J (2424)-Krastev,A (2457) Bremen GER 2024 1-0 (71)}) 13. Re1 Ng6 14. Bg5 $146 (14. Bh2 Qd7 15. a4 a5 16. Bd3 Bf8 17. Qc2 Rxe1+ 18. Rxe1 Re8 19. Rxe8 Qxe8 20. Kf1 {0-1 Alavi,S (2445)-Paravyan,D (2647) Titled Tuesday intern op 01st June blitz 2021 (6)}) ({RR} 14. Bh2 Qd7 15. c4 Bf8 16. Rxe8 Rxe8 17. d5 a6 18. Nd4 b5 19. Rc1 Rb8 20. b3 Ne7 21. N2f3 g6 22. Qd2 Bg7 23. Bf4 Bc8 24. Re1 Bb7 25. Bg5 c5 26. Ne2 b4 27. Ng3 Rd8 28. Qf4 Nfxd5 {Satyapragyan,S (2431)-Abhyudaya,R (2079) Andorra 2006 1-0 (32)}) 14... Nd5 15. Ba4 c6 16. Bxe7 Rxe7 17. Rxe7 Qxe7 18. Qf1 Nf6 19. c4 a6 20. Bc2 b5 21. Re1 Qf8 22. b3 Re8 23. Re3 Rxe3 24. fxe3 Qe7 25. e4 bxc4 26. Nxc4 c5 27. Nxd6 Qxd6 $17 28. e5 {[%emt 0:00:01] [#]} Qd8 (28... Qb6 $1 $17 {And now ...Nd5 would win.} 29. exf6 cxd4) 29. exf6 $15 Bxf3 30. Qxf3 Qxd4+ {[%emt 0:00:02][%mdl 4096] Endgame KQB-KQN} (30... gxf6 $6 31. dxc5 Qd4+ 32. Qf2 $16) 31. Qf2 Qa1+ (31... gxf6 32. Qxd4 cxd4 33. b4 $16) 32. Kh2 Qxa2 (32... Qxf6 33. Qxf6 gxf6 34. Kg3 $16) 33. Qxc5 {[%emt 0:00:17] [#] Threatens to win with Qc8+.} gxf6 34. b4 (34. Qf5 Qb2 35. h4 Qe5+ 36. Qxe5 fxe5 37. b4) 34... Ne5 35. Be4 Qe2 36. Qc8+ Kg7 37. Qf5 Ng6 38. Bf3 Qe7 39. Qc5 Qe5+ (39... Qxc5 $17 40. bxc5 a5) 40. Kg1 (40. Qxe5 $11 Nxe5 (40... fxe5 41. Bb7 $11) 41. Be2) 40... Nf4 41. Qa5 Nd3 42. Qxa6 Qd4+ 43. Kh2 Nxb4 44. Qe2 Nd3 45. Qe4 Qe5+ 46. Kg1 Nf4 47. Kf2 Ne6 48. Qg4+ Kf8 49. Qe4 Ng5 50. Qd3 Qf4 51. Qe3 Qh4+ 52. Kf1 Qg3 53. Qf2 Qe5 54. Qe2 Kg7 55. Kf2 Qf4 56. Qe3 Qh4+ 57. Ke2 Qg3 58. Qf2 Qe5+ 59. Qe3 (59. Kf1 $17) 59... Kg6 (59... Nxf3 $19 {has better winning chances.} 60. Kxf3 Qxe3+ 61. Kxe3 Kg6) 60. Bc6 $17 Qb2+ 61. Qd2 Qe5+ 62. Qe3 Ne6 63. Kf2 Qb2+ 64. Kg3 Qe5+ 65. Kf2 h6 66. Bf3 Nd4 ({Black should play} 66... Ng5 $15) 67. Qe4+ $11 {[%emt 0:00:14] The position is equal.} Kg7 (67... Qxe4 {simplifies} 68. Bxe4+ f5 69. Bb1 Kf6) 68. Qg4+ $1 Kf8 69. Qc8+ $1 Kg7 70. Qg4+ Kh7 71. Qd7 Kg8 72. Qc8+ Kg7 73. Qg4+ Kh7 74. Qd7 Kg7 75. Qg4+ Kh7 76. Qd7 {[%emt 0:00:10] Weighted Error Value: White=0.16 (very precise) /Black=0.14 (very precise) Mistake: 	White=3 	Black=4 Inaccurate: 	White=8 	Black=5 OK: 	White=22 	Black=26 Best: 	White=8 	--- Strong: 	White=2 	---} 1/2-1/2

[Event "GCT Superbet Rapid Poland 2025"]
[Site "Warsaw"]
[Date "2025.04.26"]
[Round "2.1"]
[White "Topalov, Veselin"]
[Black "Duda, Jan-Krzysztof"]
[Result "0-1"]
[ECO "C44"]
[WhiteElo "2717"]
[BlackElo "2739"]
[Annotator "TA"]
[PlyCount "104"]
[EventDate "2025.??.??"]
[EventType "rapid"]
[TimeControl "1500+10"]

1. e4 e5 2. Nf3 Nc6 3. Be2 Nf6 4. d3 d5 5. Nbd2 Bc5 6. O-O O-O 7. c3 a5 8. a4 Re8 {[%emt 0:00:41] C44: Ponziani Opening and Scotch Gambit.} 9. exd5 (9. Re1 h6 10. exd5 Nxd5 11. d4) ({RR} 9. Qc2 h6 10. h3 Be6 11. Re1 d4 12. Nf1 Nd7 13. Ng3 Bf8 14. cxd4 exd4 15. Nd2 Nc5 16. b3 Nb4 17. Qb1 Bd6 18. Ngf1 f5 19. Ba3 fxe4 20. dxe4 d3 21. Bd1 Rf8 22. Re3 Bf4 23. Rf3 Qg5 {Grischuk,A (2761)-Caruana,F (2808) Paris 2017 ½-½ (78)}) ({RR} 9. Qb3 h6 10. exd5 Qxd5 11. Qxd5 Nxd5 12. Ne4 Ba7 13. Re1 Bf5 14. Bd1 Rad8 15. Bc2 Bh7 16. Be3 Nxe3 17. fxe3 f5 18. Nf2 g5 19. d4 Kg7 20. Rad1 e4 21. Nd2 h5 22. h4 g4 23. Nf1 Ne7 {Adeimi,M (2077)-Ameer,H (1954) Erbil IRQ 2025 1-0 (31)}) 9... Qxd5 10. Ng5 $146 (10. Nc4 e4 11. dxe4 Qxd1 {½-½ Predojevic,B (2643)-Pavlovic,M (2541) SRB-chT Valjevo 2011 (6.3)}) ({RR} 10. Nc4 h6 11. Ne3 Qd8 12. Nd2 Ba7 13. Qb3 Nd7 14. Ndc4 Nc5 15. Qc2 Be6 16. Rd1 Qe7 17. Bf3 e4 18. dxe4 Bxc4 19. Nxc4 Nxe4 20. Be3 Bxe3 21. Nxe3 Nxf2 22. Nd5 Nh3+ 23. gxh3 Qd6 24. Bg2 Ne5 {Rodchenkov,V (2304)-Della Morte,G (2353) Chess.com INT 2018 1-0 (43)}) ({RR} 10. Nc4 e4 11. dxe4 Qxd1 {½-½ (11) Predojevic,B (2643)-Pavlovic,M (2541) Valjevo 2011}) ({RR} 10. Nb3 Bf8 11. Nfd2 Be6 12. Nc4 Qd7 13. Qc2 b6 14. Re1 h6 15. Bd2 Rad8 16. Rad1 Bg4 17. Bxg4 Qxg4 18. Bc1 Qf5 19. Be3 {½-½ (19) Alvarado Diaz,A (2394)-Molina Rodriguez,B (2144) Santa Cruz de La Palma 2018}) 10... Ba7 {[%emt 0:02:38] Black has an edge.} 11. Qc2 (11. Nge4 {simplifies} Nxe4 12. dxe4 Qe6 13. Nc4) 11... Bg4 12. Nde4 {[%emt 0:01:47] [#]} Bxe2 13. Qxe2 {[%emt 0:00:02] A sharp opening} Nxe4 14. dxe4 Qd7 15. Rd1 Qe7 16. Be3 Bxe3 17. Qxe3 f6 {[%emt 0:00:48] The position is symmetric and equal} 18. Nf3 Qe6 19. Qe2 Red8 20. h4 Kf8 21. Nd2 Rd7 22. Nc4 Rad8 23. Ne3 Ne7 24. Rxd7 Rxd7 25. Qh5 h6 26. Qe2 Qc6 27. Qc4 h5 28. Qxc6 Nxc6 $11 {[%emt 0:00:02][%mdl 4096] Endgame KRN-KRN} 29. Kf1 Nd8 30. Nc4 b6 31. b4 axb4 32. cxb4 Rd4 33. Rc1 Rxe4 34. a5 bxa5 35. bxa5 Rxh4 36. Kg1 {[%emt 0:01:01] Prevents Rh1+.} Nc6 37. a6 $1 {[%emt 0:00:03] and Nb2 would now be decisive} Na7 38. Nb2 $2 {[%emt 0:02:40] [#] White is now going downhill.} (38. Nxe5 $1 $11 Ra4 (38... fxe5 39. Rxc7 Nb5 40. Rb7 $11) 39. Rxc7 Ra1+ 40. Kh2 Rxa6 41. Ng6+ Kg8 42. Ne7+ Kf8 43. Ng6+) 38... c6 $1 $19 39. Nd3 Ra4 40. Nc5 Ra5 41. Ne6+ (41. f4 {keeps fighting.}) 41... Kf7 42. Nd8+ Kg6 43. Rb1 (43. Nxc6 $142 Rxa6 44. Ne7+ Kf7 45. Rc7) 43... Rxa6 44. Rb7 c5 45. Kh2 $2 (45. Rc7) 45... c4 {[%emt 0:00:26] Black is clearly winning.} 46. Rc7 Rd6 47. Nf7 Rc6 48. Rxa7 c3 49. Nd8 c2 50. Nxc6 c1=Q (50... c1=B $2 {loses.} 51. Ne7+ Kg5 52. Ra8 $18) 51. Ne7+ Kh7 {[%emt 0:00:09] Strongly threatening ...Qc5.} 52. Nd5 Qc5 {[%emt 0:00:23][%csl Ba7,Bd5,Bf2] Weighted Error Value: White=0.44/Black=0.03 (flawless) Loses game: 	White=1 	--- Mistake: 	White=3 	--- Inaccurate: 	White=1 	--- OK: 	White=13 	Black=24 Best: 	--- 	Black=1 Strong: 	White=1 	Black=1} 0-1